 Dungeon Crawl Stone Soup version 0.27-a0-679-g77a6b55cf3 (webtiles) character file.

Game seed: 2475582496422500555

132 Lanoc the Slasher (level 5, 0/42 HPs)
             Began as a Human Berserker on Mar 18, 2021.
             Was a Believer of Trog.
             Slain by a worker ant (6 damage)
             ... on level 4 of the Dungeon.
             The game lasted 00:01:56 (2025 turns).

Lanoc the Slasher (Human Berserker)                 Turns: 2025, Time: 00:01:57

Health: 0/42       AC:  2    Str: 17    XL:     5   Next: 38%
Magic:  5/5        EV: 12    Int:  7    God:    Trog [**....]
Gold:   20         SH:  0    Dex: 14    Spells: 4/4 levels left

rFire    . . .     SeeInvis .   a - +0 falchion
rCold    . . .     Faith    .   (no shield)
rNeg     . . .     Spirit   .   b - +0 animal skin
rPois    .         Reflect  .   (no helmet)
rElec    .         Harm     .   (no cloak)
rCorr    .         Rampage  .   (no gloves)
Will     .....                  (no boots)
Stlth    +.........             (no amulet)
HPRegen  0.14/turn              (no ring)
MPRegen  0.09/turn              (no ring)

@: brilliant, lethally poisoned (0 -> -2), berserk cooldown, slowed, very slow
A: no striking features
a: Renounce Religion, Berserk, Trog's Hand


You were on level 4 of the Dungeon.
You worshipped Trog.
Trog was pleased with you.
You visited 1 branch of the dungeon, and saw 4 of its levels.

You collected 20 gold pieces.

Inventory:

Hand Weapons
 a - a +0 falchion (weapon)
Armour
 b - a +0 animal skin (worn)
Scrolls
 e - a scroll of vulnerability {unknown}
 f - a scroll of blinking {unknown}
 h - a scroll of identify {unknown}
Potions
 d - a potion of magic
 g - a potion of invisibility {unknown}
 i - a potion of lignification {unknown}


   Skills:
 + Level 3.7 Fighting
 * Level 4.2 Long Blades
 + Level 2.9 Armour
 + Level 2.8 Dodging


You had 4 spell levels left.
You didn't know any spells.
Your spell library was empty.

Dungeon Overview and Level Annotations

Branches:
Dungeon (4/15)
 Temple: D:4-7

Altars:
Hepliaklqana

Shops:
D:3 *


Message History

You slash the orc!
You kill the orc!
Trog accepts your kill.
A worker ant comes into view.
Items here: )) [[ †.
You feel a strong urge to attack something.
You feel your anger nearly subside.
You are no longer berserk.
You are exhausted.
You feel yourself slow down.
A giant cockroach comes into view.
The worker ant misses you.
You riposte.
You closely miss the worker ant. You hit the worker ant.
The worker ant is moderately wounded.
The worker ant bites you. The worker ant barely misses you.
You riposte.
You hit the worker ant.
The worker ant is heavily wounded.
You hit the worker ant.
The worker ant is severely wounded.
The worker ant closely misses you. The worker ant misses you.
You riposte.
You barely miss the worker ant.
The worker ant is severely wounded.
You hit the worker ant but do no damage.
The worker ant is severely wounded.
You hear the slow hiss of a distant avalanche of sand.
The worker ant bites you.
You are poisoned.
The worker ant poisons you! The worker ant bites you.
* * * LOW HITPOINT WARNING * * *
You hit the worker ant but do no damage.
The worker ant is severely wounded.
You feel sick.
The worker ant bites you but does no damage.
The worker ant barely misses you.
It was a potion of brilliance.
You feel clever all of a sudden.
You feel sick. The worker ant bites you.
* * * LOW HITPOINT WARNING * * *
It was a potion of magic.
Magic courses through your body.
You feel sick. The worker ant bites you.
You die...

#.#..# #. ..#....#
#.#..#####.##......#
#.#..#(.....)))....##
#####.#..#.####.#.#.....
......#..#.####...#..#...
#####....................
.........#.#####..#..#.##
.........#.# #B.#.B#
######...#.# #@.# .#
#....#.#.#.# #..# ..
#.##.#.#.#.# #B.# #.
#.##.#.#.#.. ...#
#.##...#.#.. ##..
#.##...#.# ##.# #.##...#
.. #.##.#.# ... #.##.#.#


You could see a worker ant and a giant cockroach.

Vanquished Creatures
  An orc priest (D:4)
  An orc wizard (D:4)
  A howler monkey skeleton (D:4)
  2 adders (D:3)
  An ooze (D:1)
  4 worms
  A leopard gecko (D:2)
  5 orcs
  4 bats (D:3)
  2 giant cockroaches
  A goblin (D:3)
  5 hobgoblins
  A kobold (D:3)
  A quokka (D:3)
  2 frilled lizards (D:3)
  3 rats (D:3)
35 creatures vanquished.

Notes
Turn   | Place    | Note
-------+----------+-------------------------------------------
     0 | D:1      | Lanoc the Human Berserker began the quest for the Orb.
     0 | D:1      | Reached XP level 1. HP: 18/18 MP: 1/1
   311 | D:1      | Reached XP level 2. HP: 13/24 MP: 2/2
   492 | D:3      | Found Fiffuas's Assorted Antiques.
   758 | D:3      | Reached XP level 3. HP: 16/29 MP: 3/3
  1390 | D:3      | Found a faded altar of an unknown god.
  1391 | D:3      | Found a hazy altar of Hepliaklqana.
  1393 | D:3      | Found a faded altar of an unknown god.
  1393 | D:3      | Found a faded altar of an unknown god.
  1572 | D:3      | Reached XP level 4. HP: 28/35 MP: 4/4
  1956 | D:4      | Reached ** piety under Trog
  2008 | D:4      | Reached skill level 4 in Long Blades
  2008 | D:4      | Reached XP level 5. HP: 41/41 MP: 5/5
  2025 | D:4      | Slain by a worker ant

Illustrated notes

Levels and vault maps discovered:
D:1:      sevenhm_arrival_forest_fort_large_2, layout_rooms,
          corexii_item_surrounded_by_moat
D:2:      layout_basic, nicolae_ru_the_path_less_chosen, serial_shops, shop,
          minmay_stone_trees_medium, minmay_tetromino_l2
D:3:      layout_loops_ring, nicolae_hepliaklqana_ecumenical_no_more,
          serial_shops, shop, grunt_decor_junction
D:4:      layout_basic, nicolae_yredelemnul_corpse_copse,
          gup_ossuary_entry_pyramid, uniq_blork_the_orc, uniq_sigmund

Skill      XL: |  1  2  3  4 |
---------------+-------------+-----
Long Blades    | 4 |  4.2
Fighting       | |  3.7
Armour         | |  2.9
Dodging        | |  2.8

Action                   |  1- 3 |  4- 6 || total
-------------------------+-------+-------++-------
Melee: Falchion          |    61 |    36 ||    97
Invok: Berserk           |     4 |     2 ||     6
  Use: Potion            |       |     2 ||     2
Armor: Animal skin       |    11 |     7 ||    18
Dodge: Dodged            |    52 |    20 ||    72
       Rpst.: Falchion   |    18 |     7 ||    25

Table legend: (Time is in decaauts)
 A = Elapsed time spent in this place.
 B = Non-inter-level travel time spent in this place.
 C = Inter-level travel time spent in this place.
 D = Time resting spent in this place.
 E = Time spent auto-exploring this place.
 F = Levels seen in this place.
 G = Mean time per level.
                   A        B        C        D        E       F      G
               +--------+--------+--------+--------+--------+-----+--------+
         Total |   2088 |   2038 |     50 |      0 |   1799 |   4 |  522.0 |
       Dungeon |   2088 |   2038 |     50 |      0 |   1799 |   4 |  522.0 |
               +--------+--------+--------+--------+--------+-----+--------+

Top non-repeatable levels by time:
     D:3: 1474 daAuts
     D:1: 332 daAuts
     D:2: 178 daAuts
     D:4: 103 daAuts
